 Dungeon Crawl Stone Soup version 0.29-a0-323-g050149af67 (webtiles) character file.

Game seed: 3119601003008866506

38 zishaf the Shooter (level 3, 0/33 HPs)
             Began as a Naga Hunter on Apr 11, 2022.
             Slain by a ball python (3 damage)
             ... on level 2 of the Dungeon.
             The game lasted 00:01:35 (1301 turns).

zishaf the Shooter (Naga Hunter)                    Turns: 1301, Time: 00:01:36

Health: 0/33       AC:  3    Str: 13    XL:     3   Next: 43%
Magic:  3/3        EV:  8    Int:  9    God:
Gold:   222        SH:  0    Dex: 16    Spells: 2/2 levels left

rFire   . . .      SeeInvis +   a - +1 shortbow
rCold   . . .      Faith    .   (shield currently unavailable)
rNeg    . . .      Spirit   .   l - +0 ring mail
rPois   +          Reflect  .   (no helmet)
rElec   .          Harm     .   (no cloak)
rCorr   .          Rampage  .   (no gloves)
Will    .....                   (no barding)
Stlth   ++........              (no amulet)
HPRegen 0.11/turn               (no ring)
MPRegen 0.08/turn               (no ring)

@: lethally poisoned (0 -> -5), very slow
A: AC +1, large, see invisible, deformed body, poison resistance, slowness 2,
spit poison 1, naga tail 1
a: Spit Poison


You were on level 2 of the Dungeon.
You visited 1 branch of the dungeon, and saw 2 of its levels.

You collected 222 gold pieces.

Inventory:

Hand Weapons
 a - a +1 shortbow (weapon)
Armour
 b - a +0 leather armour
 l - a +0 ring mail (worn)
Scrolls
 c - a scroll of immolation
 d - a scroll of noise {unknown}
 g - a scroll of fear {unknown}
 i - a scroll of brand weapon {unknown}
 j - a scroll of identify {unknown}
 k - a scroll of amnesia {unknown}
Potions
 e - a potion of mutation {unknown}
 f - a potion of lignification {unknown}
 h - a potion of ambrosia {unknown}
 m - a potion of curing {unknown}


   Skills:
 + Level 2.7 Fighting
 + Level 4.0 Bows
 - Level 1.5 Dodging
 - Level 3.0 Stealth


You had 2 spell levels left.
You didn't know any spells.
Your spell library was empty.

Dungeon Overview and Level Annotations

Branches:
Dungeon (2/15)

Altars:
Uskayaw


Innate Abilities, Weirdness & Mutations

Your serpentine skin is tough. (AC +1)
You have supernaturally acute eyesight. (SInv)
Armour fits poorly on your strangely shaped body.
Your system is resistant to poisons. (rPois)
You cover ground very slowly.
You can spit poison.
You have a snake-like lower body.


Message History

The adder barely misses you. The ball python bites you.
Shoot: a) +1 shortbow
Press: ? - help, Q - select action, (/) - cycle Shift-Dir - straight line, f/p - adder
Aim: an adder (heavily wounded, 48% to hit)
You shoot an arrow. The arrow closely misses the adder.
You feel sick.
You are no longer poisoned.
The adder barely misses you. The ball python bites you.
Shoot: a) +1 shortbow
Press: ? - help, Q - select action, (/) - cycle Shift-Dir - straight line, f/p - adder
Aim: an adder (heavily wounded, 48% to hit)
You shoot an arrow. The arrow closely misses the adder.
The adder barely misses you. The ball python bites you. The adder bites you.
The ball python barely misses you.
Shoot: a) +1 shortbow
Press: ? - help, Q - select action, (/) - cycle Shift-Dir - straight line, f/p - adder
Aim: an adder (heavily wounded, 48% to hit)
You shoot an arrow. The arrow misses the adder.
The adder bites you.
* * * LOW HITPOINT WARNING * * *
The ball python closely misses you. The adder bites you but does no damage.
The ball python bites you.
* * * LOW HITPOINT WARNING * * *
Shoot: a) +1 shortbow
Press: ? - help, Q - select action, (/) - cycle Shift-Dir - straight line, f/p - adder
Aim: an adder (heavily wounded, 48% to hit)
You shoot an arrow. The arrow misses the adder.
You have got your breath back.
The adder bites you.
* * * LOW HITPOINT WARNING * * *
You are lethally poisoned!
The adder poisons you! The ball python barely misses you.
The adder bites you but does no damage.
Shoot: a) +1 shortbow
Press: ? - help, Q - select action, (/) - cycle Shift-Dir - straight line, f/p - adder
Aim: an adder (heavily wounded, 48% to hit)
You shoot an arrow. The arrow closely misses the adder.
* * * LOW HITPOINT WARNING * * *
You feel sick. The ball python bites you.
You die...

#.#......#<###
##.#.#...##.#
#..#.##.###.#
#..#.(##..
#..#### #.#
#...## .#
##.#.## # #
#...S#.#
#.#.@S.#
#.####.# #.#
#.. #.# #..#
#. #.# .# #


You could see an adder and a ball python.

Vanquished Creatures
  An adder (D:2)
  A dart slug (D:1)
  2 ball pythons
  3 endoplasms (D:1)
  2 giant cockroaches
  3 goblins
  3 hobgoblins (D:1)
  2 kobolds
  A quokka (D:1)
  2 bats
  2 frilled lizards (D:1)
  3 rats
25 creatures vanquished.

Notes
Turn   | Place    | Note
-------+----------+-------------------------------------------
     0 | D:1      | zishaf the Naga Hunter began the quest for the Orb.
     0 | D:1      | Reached XP level 1. HP: 19/19 MP: 1/1
   169 | D:1      | Reached XP level 2. HP: 26/26 MP: 2/2
   610 | D:1      | Found a faded altar of an unknown god.
   965 | D:2      | Reached XP level 3. HP: 33/33 MP: 3/3
  1017 | D:2      | Found a hide-covered altar of Uskayaw.
  1104 | D:2      | Reached skill level 4 in Bows
  1301 | D:2      | Slain by a ball python

Illustrated notes

Levels and vault maps discovered:
D:1:      onia_arrival_mini_maze_b, layout_basic,
          hellmonk_ecumenical_altar_inner_sanctum, grunt_decor_clamped
D:2:      layout_loops_ring, basic_altar, minivault_5, kennysheep_pointless_box,
          dreamdust_wishing_well, minmay_cut_off, uniq_crazy_yiuf_cottage

Skill      XL: |  1  2  3 |
---------------+----------+-----
Stealth        | 2 3 |  3.0
Bows           | 4 |  4.0
Fighting       | |  2.7
Dodging        | |  1.5

Action                   || total
-------------------------++-------
 Fire: Shortbow          ||    71
 Abil: Spit Poison       ||     1
Armor: Leather armour    ||     4
       Ring mail         ||     8
Dodge: Dodged            ||    22

Table legend: (Time is in decaauts)
 A = Elapsed time spent in this place.
 B = Non-inter-level travel time spent in this place.
 C = Inter-level travel time spent in this place.
 D = Time resting spent in this place.
 E = Time spent auto-exploring this place.
 F = Levels seen in this place.
 G = Mean time per level.
                   A        B        C        D        E       F      G
               +--------+--------+--------+--------+--------+-----+--------+
         Total |   1780 |   1765 |     15 |      0 |   1530 |   2 |  890.0 |
       Dungeon |   1780 |   1765 |     15 |      0 |   1530 |   2 |  890.0 |
               +--------+--------+--------+--------+--------+-----+--------+

Top non-repeatable levels by time:
     D:1: 1312 daAuts
     D:2: 468 daAuts
